 Dungeon Crawl Stone Soup version 0.24.1-14-gf8d2b509d9 (console) character file.

Game seed: 13609600059235439381, levelgen mode: deterministic

175 Kagalorn the Caller (level 5, -5/35 HPs)
             Began as a Demonspawn Summoner on Aug 3, 2020.
             Slain by a profane servitor
             ... wielding a +1 whip
              (11 damage)
             ... on level 1 of the Abyss.
             The game lasted 00:13:58 (4722 turns).

Kagalorn the Caller (Demonspawn Summoner)           Turns: 4722, Time: 00:13:59

Health: -5/35      AC:  5    Str:  9    XL:     5   Next: 29%
Magic:  5/9        EV: 13    Int: 16    God:
Gold:   144        SH:  0    Dex: 14    Spells: 2/9 levels left

rFire    . . .     SeeInvis .   a - +0 trident
rCold    . . .     Gourm    .   (no shield)
rNeg     . . .     Faith    +   d - +0 robe
rPois    .         Spirit   .   t - +0 helmet
rElec    .         Reflect  .   (no cloak)
rCorr    .         Harm     .   (no gloves)
MR       .....                  (no boots)
Stlth    ++........             h - amulet of faith
HPRegen  0.11/turn              (no ring)
MPRegen  0.11/turn              (no ring)

@: about to teleport, wreathed by umbra, lightly drained
A: claws 1, thin metallic scales 1
a: no special abilities


You were on level 1 of the Abyss.
You were not hungry.

You visited 1 branch of the dungeon, and saw 4 of its levels.
You visited the Abyss 1 time.

You collected 144 gold pieces.

Inventory:

Hand Weapons
 a - a +0 trident (weapon)
 b - a +1 war axe of chopping
 w - a +0 short sword
Missiles
 l - 80 stones
 o - 13 poisoned darts
 q - 7 curare-tipped darts (quivered)
 r - 11 arrows
 y - 10 boomerangs
Armour
 d - a +0 robe (worn)
 t - a +0 helmet (worn)
 x - a +1 scale mail of cold resistance
Jewellery
 h - an amulet of faith (around neck)
Scrolls
 g - 2 scrolls of magic mapping {unknown}
 i - a scroll of immolation {unknown}
 k - a scroll of fog
 n - 2 scrolls of remove curse {unknown}
 s - a scroll of teleportation
 u - a scroll of enchant weapon
Potions
 e - 3 potions of haste
 f - a potion of might
 j - a potion of degeneration
 p - 2 potions of agility
 v - 2 potions of curing
Comestibles
 c - 5 rations


   Skills:
 + Level 2.8(2.3) Dodging
 - Level 2.0(1.5) Stealth
 + Level 2.8(2.3) Spellcasting
 * Level 5.2(4.7) Summonings
 * Level 1.3(0.9) Air Magic


You had 2 spell levels left.
You knew the following spells:

 Your Spells              Type           Power        Failure   Level  Hunger
a - Summon Small Mammal   Summ           ###.         3%          1    #......
b - Summon Lightning Spi  Summ/Air       ##......     54%         4    #####..
h - Blink                 Tloc           N/A          30%         2    ###....

Your spell library contained the following spells:

 Spells                   Type           Power        Failure   Level  Hunger
 Call Imp                 Summ           ###.....     4%          2    ###....
 Shroud of Golubria       Chrm/Tloc      #.....       30%         2    ###....
 Call Canine Familiar     Summ           ###.....     9%          3    ###....
 Summon Guardian Golem    Hex/Summ       #.......     22%         3    ###....
 Gell's Gravitas          Tloc           #.........   52%         3    ###....
 Lesser Beckoning         Tloc           #.........   52%         3    ###....
 Teleport Other           Tloc           #.......     52%         3    ###....
 Summon Ice Beast         Ice/Summ       #.......     58%         4    #####..
 Passage of Golubria      Tloc           N/A          89%         4    #####..


Dungeon Overview and Level Annotations

Branches:
Dungeon (4/15)
 Temple: D:4-7

Altars:
Cheibriados
Dithmenos
Nemelex Xobeh

Annotations:
D:4 exclusion: ogre, Edmund, Eustachio


Innate Abilities, Weirdness & Mutations

You have sharp fingernails.
You are partially covered in thin metallic scales. (AC +2)


Message History

Your rat's corpse disappears in a puff of smoke!
The small abomination barely misses you.
The profane servitor hits you with a +1 whip!
* * * LOW HITPOINT WARNING * * *
The profane servitor draws strength from your injuries!
The profane servitor hits you with a +1 whip.
* * * LOW HITPOINT WARNING * * *
You feel drained.
Sorry, you're not good enough to have a special ability.
Casting: Summon Small Mammal (safe; 3% risk of failure)
Confirm with . or Enter, or press ? or * to list all spells.
You blink.
As you read the scroll of teleportation, it crumbles to dust.
You feel strangely unstable.
You feel the power of the Abyss delaying your translocation!
Casting: Blink (safe; 30% risk of failure)
Confirm with . or Enter, or press ? or * to list all spells.
You blink.
The profane servitor hits you with a +1 whip!
You die...

# . ...#
#.....x...# # . #
#.####### . .. . ..
#.# #. # .... #.# .
. . .. #.# .# . #
.. ... #.# . #) .
... #.#
#.#..###########.#
##
#...........@A§.#
......########x####
##... . . ....... .
. ... .............
. . . .
.............. #.
#. .............. #
. .............. #
.............. ...
.. ... #.


You could see a profane servitor and a small abomination.

Vanquished Creatures
  A leopard gecko (D:1)
  7 orcs
  A giant cockroach (D:1)
  6 goblins
  11 hobgoblins
  3 jackals
  A quokka (D:3)
  6 bats
  3 frilled lizards
  5 kobolds
  6 rats
50 creatures vanquished.

Vanquished Creatures (collateral kills)
  Menkaure (D:4)
  An orc wizard (D:3)
  An adder (D:2)
  4 worms (D:2)
  2 dart slugs (D:1)
  4 leopard geckos (D:2)
  5 orcs
  2 hobgoblins (D:2)
  2 bats (D:1)
  2 frilled lizards
  2 goblins (D:1)
  2 kobolds (D:1)
28 creatures vanquished.

Grand Total: 78 creatures vanquished

Notes
Turn   | Place    | Note
-------+----------+-------------------------------------------
     0 | D:1      | Kagalorn the Demonspawn Summoner began the quest for the
                  | Orb.
     0 | D:1      | Reached XP level 1. HP: 13/13 MP: 3/3
   555 | D:1      | Gained mutation: You are partially covered in thin metallic
                  | scales. (AC +2) [demonic ancestry]
   555 | D:1      | Reached XP level 2. HP: 13/19 MP: 3/5
  1076 | D:1      | Reached XP level 3. HP: 22/24 MP: 6/6
  2376 | D:2      | Found a sparkling altar of Nemelex Xobeh.
  2396 | D:2      | Found a snail-covered altar of Cheibriados.
  2638 | D:2      | Gained mutation: You have sharp fingernails. [demonic
                  | ancestry]
  2638 | D:2      | Reached XP level 4. HP: 21/30 MP: 1/7
  2803 | D:2      | Learned a level 4 spell: Summon Lightning Spire
  2844 | D:3      | Found a shadowy altar of Dithmenos.
  3804 | D:3      | Reached skill level 5 in Summonings
  4223 | D:4      | Noticed Menkaure
  4235 | D:4      | Noticed Eustachio
  4316 | D:4      | Noticed an ogre
  4450 | D:4      | Killed Menkaure
  4450 | D:4      | Reached skill level 1 in Air Magic
  4450 | D:4      | Reached XP level 5. HP: 19/35 MP: 3/9
  4610 | D:4      | Noticed Edmund
  4632 | D:4      | Cast into level 1 of the Abyss (Edmund)
  4657 | Abyss:1  | Learned a level 2 spell: Blink
  4687 | Abyss:1  | Noticed a small abomination
  4712 | Abyss:1  | Noticed a profane servitor
  4722 | Abyss:1  | Slain by a profane servitor

Levels and vault maps discovered:
D:1:      eino_arrival_cavern_a, layout_loops_ring
D:2:      layout_basic, lemuel_crystal_altar, cheibriados_altar_1
D:3:      layout_loops_cross, nicolae_dithmenos_through_a_glass_darkly
D:4:      layout_basic, grunt_temple_overflow_order_and_chaos_2, first_ration,
          bh_walls_and_bars, uniq_eustachio, uniq_menkaure, uniq_edmund
Abyss:1:  base:
D:1

Skill      XL: |  1  2  3  4 |
---------------+-------------+-----
Stealth        | 2 |  2.0
Dodging        | 2 |  2.8
Summonings     | 5 |  5.2
Air Magic      | 1 |  1.3
Spellcasting   | |  2.8

Action                   |  1- 3 |  4- 6 || total
-------------------------+-------+-------++-------
Melee: Dagger            |    20 |       ||    20
       Short sword       |   159 |   108 ||   267
       Trident           |       |     1 ||     1
 Cast: Summon Small Mamm |    69 |    15 ||    84
       Summon Lightning  |       |     2 ||     2
       Blink             |       |     2 ||     2
  Use: Scroll            |       |     9 ||     9
 Stab: Sleeping          |     7 |     1 ||     8
       Distracted        |       |     1 ||     1
  Eat: Chunk             |     6 |     5 ||    11
       Ration            |       |     1 ||     1
Armor: Robe              |    49 |    38 ||    87
Dodge: Dodged            |   115 |    90 ||   205
